 Dungeon Crawl Stone Soup version 0.29.1-15-g9cfb28693d (webtiles) character file.

Game seed: 11439368113549984929

3494 DocClef the Blocker (level 10, -7/82 HPs)
             Began as a Gnoll Fighter on Feb 27, 2023.
             Was a Priest of Okawaru.
             Mangled by a two-headed ogre
             ... wielding a +0 giant club
              (22 damage)
             ... on level 9 of the Dungeon.
             The game lasted 00:09:10 (8821 turns).

DocClef the Blocker (Gnoll Fighter)                 Turns: 8821, Time: 00:09:11

Health: -7/82      AC: 19    Str: 19    XL:     10   Next: 7%
Magic:  26/26      EV: 11    Int:  8    God:    Okawaru [***...]
Gold:   354        SH:  7    Dex: 12    Spells: 19/19 levels left

rFire   + . .      SeeInvis .   u - +0 morningstar (holy)
rCold   . . .      Faith    .   c - +0 buckler
rNeg    . . .      Spirit   .   E - +1 chain mail {rF+}
rPois   .          Reflect  .   f - +0 helmet
rElec   .          Harm     .   (no cloak)
rCorr   .          Rampage  .   (no gloves)
Will    .....                   (no boots)
Stlth   +.........              (no amulet)
HPRegen 0.23/turn               q - +4 ring of protection
MPRegen 0.20/turn               y - ring of magical power

@: heroic
A: fangs 1, strong nose, distributed training
a: Renounce Religion, Heroism


You were on level 9 of the Dungeon.
You worshipped Okawaru.
Okawaru was most pleased with you.
You visited 1 branch of the dungeon, and saw 9 of its levels.

You collected 354 gold pieces.

Inventory:

Hand Weapons
 a - a +0 war axe
 u - a +0 morningstar of holy wrath (weapon)
Armour
 c - a +0 buckler (worn)
 f - a +0 helmet (worn)
 m - a +3 leather armour
 E - a +1 chain mail of fire resistance (worn)
Jewellery
 q - a +4 ring of protection (left hand)
 y - a ring of magical power (right hand)
Wands
 s - a wand of flame (23)
Scrolls
 h - 3 scrolls of fear {unknown}
 i - 6 scrolls of amnesia {unknown}
 j - 6 scrolls of teleportation {unknown}
 k - 3 scrolls of poison {unknown}
 l - 7 scrolls of identify {unknown}
 n - 2 scrolls of magic mapping {unknown}
 v - 4 scrolls of noise {unknown}
 w - 3 scrolls of vulnerability {unknown}
 z - 2 scrolls of blinking {unknown}
 D - a scroll of torment {unknown}
 G - 2 scrolls of immolation {unknown}
Potions
 b - a potion of flight {unknown}
 d - 2 potions of might
 e - a potion of lignification {unknown}
 g - 4 potions of attraction {unknown}
 o - a potion of ambrosia {unknown}
 p - 2 potions of brilliance {unknown}
 r - 3 potions of degeneration {unknown}
 t - 7 potions of curing {unknown}
 x - a potion of haste {unknown}
 A - a potion of cancellation {unknown}
 B - a potion of heal wounds {unknown}
 C - a potion of invisibility {unknown}
 F - 2 potions of mutation {unknown}


   Skills:
 + Level 8.4(13.4) Fighting
 + Level 5.1(10.1) Short Blades
 + Level 5.1(10.1) Long Blades
 + Level 6.9(11.9) Axes
 + Level 5.1(10.1) Maces & Flails
 + Level 5.1(10.1) Polearms
 + Level 5.1(10.1) Staves
 + Level 5.1(10.1) Ranged Weapons
 + Level 5.1(10.1) Throwing
 + Level 8.4(13.4) Armour
 + Level 5.1(10.1) Dodging
 + Level 5.1(10.1) Stealth
 + Level 8.4(13.4) Shields
 + Level 5.1(10.1) Unarmed Combat
 + Level 5.1 Spellcasting
 + Level 4.2 Conjurations
 + Level 4.2 Hexes
 + Level 4.2 Summonings
 + Level 4.2 Necromancy
 + Level 4.2 Translocations
 + Level 4.2 Transmutations
 + Level 4.2 Fire Magic
 + Level 4.2 Ice Magic
 + Level 4.2 Air Magic
 + Level 4.2 Earth Magic
 + Level 4.2 Poison Magic
 + Level 5.6 Invocations
 + Level 5.1 Evocations


You had 19 spell levels left.
You didn't know any spells.
Your spell library contained the following spells:

 Spells                   Type           Power      Damage    Failure   Level
 Foxfire                  Conj/Fire      32%        2x1d5     34%         1
 Necrotise                Necr           32%        1d5       34%         1
 Static Discharge         Conj/Air       8%         3-4/arc   45%         2
 Vampiric Draining        Necr           8%         2d6       71%         3
 Petrify                  Tmut/Erth      8%         N/A       98%         4
 Agony                    Necr           8%         N/A       100%        5
 Lightning Bolt           Conj/Air       4%         1d15      100%        5
 Starburst                Conj/Fire      4%         6d3       100%        6
 Maxwell's Capacitive Co  Air            4%         ∞         100%        8
 Animate Armour           Summ/Erth      Unusable   N/A       N/A         4

Dungeon Overview and Level Annotations

Branches:
Dungeon (9/15)             Temple (0/1) D:7
   Lair: D:8-11         Orc: D:9-12

Altars:
Elyvilon
Fedhas
Kikubaaqudgha
Okawaru

Shops:
D:3 [!:[   D:7 [

Annotations:
D:2 Robin
D:8 Grum


Innate Abilities, Weirdness & Mutations

You have very sharp teeth.
Your uncanny sense of smell can sniff out nearby items.
Your experience applies equally to all skills.


Message History

You completely miss the two-headed ogre.
The two-headed ogre is moderately wounded.
The two-headed ogre hits you with a +0 giant club.
The two-headed ogre hits you with a +0 giant club!
You are too injured to fight recklessly!
You are too injured to fight recklessly!
You are too injured to fight recklessly!
You are too injured to fight recklessly!
You are too injured to fight recklessly!
You are too injured to fight recklessly!
You are too injured to fight recklessly!
You are too injured to fight recklessly!
You are too injured to fight recklessly!
You are too injured to fight recklessly!
You are too injured to fight recklessly!
You are too injured to fight recklessly!
You are too injured to fight recklessly!
You are too injured to fight recklessly!
You are too injured to fight recklessly!
You are too injured to fight recklessly!
You are too injured to fight recklessly!
You are too injured to fight recklessly!
You are too injured to fight recklessly!
Unknown command.
You puncture the two-headed ogre!
You bite the two-headed ogre, but do no damage.
The two-headed ogre is heavily wounded.
The two-headed ogre closely misses you. x2
You hit the two-headed ogre but do no damage.
You bite the two-headed ogre, but do no damage.
The two-headed ogre is heavily wounded.
You bludgeon the two-headed ogre!!
The two-headed ogre is severely wounded.
The two-headed ogre barely misses you.
The two-headed ogre hits you with a +0 giant club!!
* * * LOW HITPOINT WARNING * * *
You barely miss the two-headed ogre. You bite the two-headed ogre.
The two-headed ogre is almost dead.
The two-headed ogre hits you with a +0 giant club!!
You die...

#.#.####.#.# ##
#.#....#.#.# #
##.####.#....#.#.# #
............>#...# #
...####.##...#####.##
# #.#............. ♣.
#.######.#######
♣.♣#...............
♣O@..#####'#######
♣.♣#..##..........#
♣. #..##........).# #
#..##..........#
##.##..........#
#.##..........#
#.####........## #.#
#....~~~...
#.####..≈~≈≈≈≈~.


You could see a two-headed ogre.

Vanquished Creatures
  Maggie (D:6)
  Sigmund (D:2)
  A steam dragon (D:7)
  2 water moccasins
  An ice beast (D:7)
  2 black bears
  2 sky beasts
  3 wolves (D:8)
  2 ogres (D:5)
  5 centaurs
  A phantom (D:5)
  A kobold brigand (D:7)
  3 bullfrogs
  4 necrophages
  4 scorpions
  3 howler monkeys
  2 hounds
  2 orc priests
  3 jellies (D:5)
  An iguana (D:6)
  3 orc wizards
  7 adders
  An ufetubus (D:6)
  A worm (D:2)
  3 dart slugs
  24 orcs
  4 bats
  4 endoplasms
  3 giant cockroaches
  7 goblins
  4 hobgoblins
  5 jackals
  6 quokkas
  7 ball pythons
  2 frilled lizards
  12 kobolds
  4 rats (D:1)
141 creatures vanquished.

Vanquished Creatures (others)
  A sky beast (D:7)
1 creature vanquished.

Grand Total: 142 creatures vanquished

Notes
Turn   | Place    | Note
-------+----------+-------------------------------------------
     0 | D:1      | DocClef the Gnoll Fighter began the quest for the Orb.
     0 | D:1      | Reached XP level 1. HP: 23/23 MP: 1/1
   600 | D:1      | Reached XP level 2. HP: 29/29 MP: 2/2
  1010 | D:1      | Found a faded altar of an unknown god.
  1452 | D:2      | Reached XP level 3. HP: 35/35 MP: 3/3
  1770 | D:2      | Noticed Robin
  1770 | D:2      | Noticed Sigmund
  1772 | D:2      | Reached skill level 1 in Invocations
  2036 | D:3      | Found Voxt's Armour Emporium.
  2092 | D:3      | Found Hudyg's Armour Boutique.
  2294 | D:3      | Reached skill level 1 in Short Blades
  2294 | D:3      | Reached skill level 1 in Long Blades
  2294 | D:3      | Reached skill level 1 in Maces & Flails
  2294 | D:3      | Reached skill level 1 in Polearms
  2294 | D:3      | Reached skill level 1 in Staves
  2294 | D:3      | Reached skill level 1 in Ranged Weapons
  2294 | D:3      | Reached skill level 1 in Throwing
  2294 | D:3      | Reached skill level 1 in Dodging
  2294 | D:3      | Reached skill level 1 in Stealth
  2294 | D:3      | Reached skill level 1 in Unarmed Combat
  2294 | D:3      | Reached skill level 1 in Spellcasting
  2294 | D:3      | Reached skill level 1 in Evocations
  2436 | D:3      | Identified the +1 robe "Teygot" {Rampage Str+6 Stlth+}
  2575 | D:3      | Found Pisuz's Distillery.
  2653 | D:3      | Found Kuseoc's Book Emporium.
  2659 | D:3      | Reached skill level 1 in Conjurations
  2659 | D:3      | Reached skill level 1 in Hexes
  2659 | D:3      | Reached skill level 1 in Summonings
  2659 | D:3      | Reached skill level 1 in Necromancy
  2659 | D:3      | Reached skill level 1 in Translocations
  2659 | D:3      | Reached skill level 1 in Transmutations
  2659 | D:3      | Reached skill level 1 in Fire Magic
  2659 | D:3      | Reached skill level 1 in Ice Magic
  2659 | D:3      | Reached skill level 1 in Air Magic
  2659 | D:3      | Reached skill level 1 in Earth Magic
  2659 | D:3      | Reached skill level 1 in Poison Magic
  2659 | D:3      | Reached XP level 4. HP: 16/41 MP: 5/5
  3111 | D:4      | Reached XP level 5. HP: 40/47 MP: 5/7
  3219 | D:4      | Noticed a sky beast
  3252 | D:3      | Reached XP level 6. HP: 45/53 MP: 8/8
  3361 | D:4      | Killed a sky beast
  3362 | D:4      | Reached skill level 5 in Axes
  3457 | D:4      | Found an iron altar of Okawaru.
  3476 | D:4      | Became a worshipper of Warmaster Okawaru
  3697 | D:4      | Reached XP level 7. HP: 41/60 MP: 10/10
  4655 | D:2      | Killed Sigmund
  4913 | D:5      | Entered Level 5 of the Dungeon
  5202 | D:5      | Reached * piety under Okawaru
  5244 | D:5      | Reached XP level 8. HP: 58/67 MP: 12/12
  5649 | D:5      | Found an ancient bone altar of Kikubaaqudgha.
  6137 | D:6      | Found a white marble altar of Elyvilon.
  6428 | D:6      | Noticed Maggie
  6455 | D:6      | Killed Maggie
  6456 | D:6      | Reached XP level 9. HP: 31/74 MP: 15/15
  7048 | D:7      | Found Lurch's Antique Armour Shoppe.
  7434 | D:7      | Found a staircase to the Ecumenical Temple.
  7486 | D:7      | Reached ** piety under Okawaru
  7688 | D:7      | Reached skill level 5 in Invocations
  8430 | D:8      | Noticed Grum
  8448 | D:8      | Reached skill level 5 in Short Blades
  8448 | D:8      | Reached skill level 5 in Long Blades
  8448 | D:8      | Reached skill level 5 in Maces & Flails
  8448 | D:8      | Reached skill level 5 in Polearms
  8448 | D:8      | Reached skill level 5 in Staves
  8448 | D:8      | Reached skill level 5 in Ranged Weapons
  8448 | D:8      | Reached skill level 5 in Throwing
  8448 | D:8      | Reached skill level 5 in Dodging
  8448 | D:8      | Reached skill level 5 in Stealth
  8448 | D:8      | Reached skill level 5 in Unarmed Combat
  8448 | D:8      | Reached skill level 5 in Spellcasting
  8448 | D:8      | Reached skill level 5 in Evocations
  8448 | D:8      | Reached XP level 10. HP: 64/81 MP: 17/17
  8461 | D:8      | Reached *** piety under Okawaru
  8754 | D:9      | Found a blossoming altar of Fedhas.
  8789 | D:9      | Got the Compilation of Solid Pyromania
  8809 | D:9      | Noticed a two-headed ogre
  8821 | D:9      | Mangled by a two-headed ogre

Illustrated notes

Levels and vault maps discovered:
D:1:      dpeg_arrival_circle_labyrinth_c, layout_basic,
          ebering_ecumenical_altar_abandoned, minivault_19,
          kennysheep_crisscross
D:2:      layout_loops_corners, uniq_robin, uniq_sigmund
D:3:      layout_basic, serial_shops, shop_fountains, nicolae_shop_waterfront,
          nicolae_diamond_shop, nicolae_shop_statue_plus
D:4:      minmay_evil_eye, layout_rooms, okawaru_gym_becter
D:5:      black_bear_nest_2, layout_rooms, kennysheep_little_box
D:6:      layout_loops_ring, elyvilon_altar_5, serial_glass, glass_columns_c,
          glass_columns_b, kennysheep_generic_room_9, uniq_maggie
D:7:      layout_rooms, minmay_temple_entry_crystal_x, serial_shops, shop
D:8:      layout_rooms, dancing_weapons_uskayaw,
          minmay_fractal_squares_diagonal_5, uniq_grum, uniq_pikel
D:9:      nzn_winding_woodlands_large [nzn_winding_woodlands_5x5_cross,
          nzn_winding_woodlands_5x15_cabin, nzn_winding_woodlands_5x5_open_star,
          nzn_winding_woodlands_center_pierced_h,
          nzn_winding_woodlands_15x15_eel_pit,
          nzn_winding_woodlands_center_garden,
          nzn_winding_woodlands_5x5_checkerboard,
          nzn_winding_woodlands_5x15_twine,
          nzn_winding_woodlands_5x5_perimeter], layout_basic,
          fedhas_ov_isle_minmay, nicolae_wu_jian_glorious_leap

Skill      XL: |  1  2  3  4  5  6  7  8  9 |
---------------+----------------------------+-----
Invocations    | 1 2 3 4 5 |  5.6
Short Blades   | 1 2 3 4 5 |  5.1
Long Blades    | 1 2 3 4 5 |  5.1
Maces & Flails | 1 2 3 4 5 |  5.1
Polearms       | 1 2 3 4 5 |  5.1
Staves         | 1 2 3 4 5 |  5.1
Ranged Weapons | 1 2 3 4 5 |  5.1
Throwing       | 1 2 3 4 5 |  5.1
Dodging        | 1 2 3 4 5 |  5.1
Stealth        | 1 2 3 4 5 |  5.1
Unarmed Combat | 1 2 3 4 5 |  5.1
Spellcasting   | 1 2 3 4 5 |  5.1
Evocations     | 1 2 3 4 5 |  5.1
Conjurations   | 1 2 3 4 |  4.2
Hexes          | 1 2 3 4 |  4.2
Summonings     | 1 2 3 4 |  4.2
Necromancy     | 1 2 3 4 |  4.2
Translocations | 1 2 3 4 |  4.2
Transmutations | 1 2 3 4 |  4.2
Fire Magic     | 1 2 3 4 |  4.2
Ice Magic      | 1 2 3 4 |  4.2
Air Magic      | 1 2 3 4 |  4.2
Earth Magic    | 1 2 3 4 |  4.2
Poison Magic   | 1 2 3 4 |  4.2
Axes           | 5 6 |  6.9
Fighting       | 7 8 |  8.4
Armour         | 7 8 |  8.4
Shields        | 7 8 |  8.4

Action                   |  1- 3 |  4- 6 |  7- 9 | 10-12 || total
-------------------------+-------+-------+-------+-------++-------
Melee: War axe           |    85 |    10 |       |       ||    95
       Bite              |     9 |     7 |    45 |     4 ||    65
       Morningstar       |       |    88 |   379 |    32 ||   499
Invok: Heroism           |       |       |     3 |     1 ||     4
  Use: Potion            |       |       |     1 |       ||     1
 Stab: Sleeping          |     1 |       |     4 |       ||     5
Armor: Scale mail        |    29 |       |       |       ||    29
       Leather armour    |    17 |    52 |    89 |       ||   158
       Chain mail        |       |       |   204 |    27 ||   231
Dodge: Dodged            |    43 |    65 |   208 |    25 ||   341
Block: Buckler           |    31 |    28 |   130 |    12 ||   201
